 Dungeon Crawl Stone Soup version 0.29.0-3-gbb0933ed62 (webtiles) character file.

Game seed: 5862336831735752192

123 LustLizard the Nimble (level 5, -3/43 HPs)
             Began as a Gnoll Wanderer on Aug 25, 2022.
             Slain by an ufetubus (4 damage)
             ... on level 3 of the Dungeon.
             The game lasted 00:04:26 (2243 turns).

LustLizard the Nimble (Gnoll Wanderer)              Turns: 2243, Time: 00:04:27

Health: -3/43      AC:  9    Str: 12 (13) XL:     5   Next: 7%
Magic:  7/7        EV:  7    Int: 10 (11) God:
Gold:   190        SH:  5    Dex:  9 (12) Spells: 6/6 levels left

rFire   + . .      SeeInvis .   a - +1 mace
rCold   . . .      Faith    .   (no shield)
rNeg    . . .      Spirit   .   y - +0 chain mail {Will+}
rPois   .          Reflect  +   (no helmet)
rElec   .          Harm     .   (no cloak)
rCorr   .          Rampage  .   (no gloves)
Will    +....                   j - +0 pair of boots
Stlth   ..........              n - amulet of reflection
HPRegen 0.14/turn               x - ring of protection from fire
MPRegen 0.10/turn               (no ring)

@: no status effects
A: fangs 1, strong nose, distributed training
a: no special abilities


You were on level 3 of the Dungeon.
You visited 1 branch of the dungeon, and saw 3 of its levels.

You collected 190 gold pieces.

Inventory:

Hand Weapons
 a - a +1 mace (weapon)
 h - a +0 whip of holy wrath
Missiles
 b - 3 throwing nets
 e - 9 poisoned darts
 i - 11 stones (quivered)
 s - 4 boomerangs
 v - 4 atropa-tipped darts
Armour
 c - a +0 leather armour
 f - a +0 ring mail
 j - a +0 pair of boots (worn)
 y - a +0 chain mail of willpower (worn)
Jewellery
 n - an amulet of reflection (around neck)
 x - a ring of protection from fire (left hand)
Scrolls
 d - a scroll of fear
 m - 3 scrolls of identify {unknown}
 q - a scroll of vulnerability {unknown}
 r - a scroll of blinking {unknown}
 t - a scroll of fog {unknown}
 w - a scroll of teleportation {unknown}
Potions
 g - a potion of resistance
 k - 2 potions of flight
 p - a potion of degeneration
 u - 2 potions of curing {unknown}


   Skills:
 + Level 4.7 Fighting
 + Level 1.4 Short Blades
 + Level 1.4 Long Blades
 + Level 1.4 Axes
 + Level 4.7 Maces & Flails
 + Level 1.4 Polearms
 + Level 1.4 Staves
 + Level 1.4 Ranged Weapons
 + Level 1.4 Throwing
 + Level 1.4 Armour
 + Level 10.5 Dodging
 + Level 2.7 Stealth
 + Level 1.4 Shields
 + Level 1.4 Unarmed Combat
 + Level 1.4 Spellcasting
 + Level 1.1 Conjurations
 + Level 1.1 Hexes
 + Level 1.1 Summonings
 + Level 1.1 Necromancy
 + Level 1.1 Translocations
 + Level 1.1 Transmutations
 + Level 1.1 Fire Magic
 + Level 1.1 Ice Magic
 + Level 1.1 Air Magic
 + Level 1.1 Earth Magic
 + Level 1.1 Poison Magic
 + Level 1.5 Invocations
 + Level 1.4 Evocations


You had 6 spell levels left.
You didn't know any spells.
Your spell library was empty.

Dungeon Overview and Level Annotations

Branches:
Dungeon (3/15)

Altars:

Annotations:
D:3 Grinder


Innate Abilities, Weirdness & Mutations

You have very sharp teeth.
Your uncanny sense of smell can sniff out nearby items.
Your experience applies equally to all skills.


Message History

i - 11 stones (gained 5) Grinder comes into view.
Grinder shouts!
Grinder gestures at you. You resist with almost no effort.
Okay, then.
Okay, then.
You barely miss Grinder.
Grinder says, "I used to sell toenails on the black market."
You block Grinder's attack.
Grinder says, "You look like you could use a good racking."
Grinder gestures at you. Pain shoots through your body!
You hit Grinder but do no damage. Grinder hits you but does no damage.
You hit Grinder but do no damage. Grinder hits you.
You writhe in agony.
You hit Grinder.
Grinder is lightly wounded.
Grinder hits you!
You writhe in agony.
You closely miss Grinder.
Grinder is lightly wounded.
Grinder blinks!
An ufetubus comes into view.
The ufetubus shouts!
Grinder hits you.
* * * LOW HITPOINT WARNING * * *
You writhe in agony.
* * * LOW HITPOINT WARNING * * *
You closely miss Grinder.
Grinder is lightly wounded.
Grinder hits you.
* * * LOW HITPOINT WARNING * * *
You writhe in agony.
* * * LOW HITPOINT WARNING * * *
You hit Grinder.
Grinder is lightly wounded.
The ufetubus hits you.
* * * LOW HITPOINT WARNING * * *
The ufetubus barely misses you. Grinder hits you but does no damage.
The ufetubus hits you.
You die...

#........ . #........
##'#########........
................###
#.................
+.................
#........)..##.##. #
#55.........##.... #.
#@..........# ##..
#5. #...........# ..
#...###.............
#....................
#.$##################
... . ∆


You could see Grinder and an ufetubus.

Vanquished Creatures
  An orc priest (D:3)
  An orc wizard (D:3)
  2 adders (D:2)
  2 worms (D:2)
  A dart slug (D:1)
  5 orcs (D:3)
  3 ball pythons
  2 endoplasms
  2 giant cockroaches (D:1)
  2 hobgoblins
  4 jackals (D:1)
  2 quokkas (D:1)
  A bat (D:2)
  4 frilled lizards
  4 goblins
  3 kobolds
  2 rats
41 creatures vanquished.

Notes
Turn   | Place    | Note
-------+----------+-------------------------------------------
     0 | D:1      | Reached skill level 10 in Dodging
     0 | D:1      | LustLizard the Gnoll Wanderer began the quest for the Orb.
     0 | D:1      | LustLizard set off with the following items: a +1 mace, 3
                  | throwing nets, a +0 leather armour, a scroll of fear.
     0 | D:1      | Reached XP level 1. HP: 20/20 MP: 1/1
   111 | D:1      | Reached XP level 2. HP: 26/26 MP: 2/2
   806 | D:2      | Reached XP level 3. HP: 31/31 MP: 3/3
   922 | D:2      | Reached skill level 1 in Invocations
   961 | D:2      | Reached skill level 1 in Short Blades
   961 | D:2      | Reached skill level 1 in Long Blades
   961 | D:2      | Reached skill level 1 in Axes
   961 | D:2      | Reached skill level 1 in Polearms
   961 | D:2      | Reached skill level 1 in Staves
   961 | D:2      | Reached skill level 1 in Ranged Weapons
   961 | D:2      | Reached skill level 1 in Throwing
   961 | D:2      | Reached skill level 1 in Armour
   961 | D:2      | Reached skill level 1 in Shields
   961 | D:2      | Reached skill level 1 in Unarmed Combat
   961 | D:2      | Reached skill level 1 in Spellcasting
   961 | D:2      | Reached skill level 1 in Evocations
  1325 | D:2      | Reached XP level 4. HP: 38/38 MP: 5/5
  1809 | D:3      | Reached skill level 1 in Conjurations
  1809 | D:3      | Reached skill level 1 in Hexes
  1809 | D:3      | Reached skill level 1 in Summonings
  1809 | D:3      | Reached skill level 1 in Necromancy
  1809 | D:3      | Reached skill level 1 in Translocations
  1809 | D:3      | Reached skill level 1 in Transmutations
  1809 | D:3      | Reached skill level 1 in Fire Magic
  1809 | D:3      | Reached skill level 1 in Ice Magic
  1809 | D:3      | Reached skill level 1 in Air Magic
  1809 | D:3      | Reached skill level 1 in Earth Magic
  1809 | D:3      | Reached skill level 1 in Poison Magic
  2101 | D:3      | Reached XP level 5. HP: 14/43 MP: 5/7
  2228 | D:3      | Noticed Grinder
  2243 | D:3      | HP: 1/43 [ufetubus (2)]
  2243 | D:3      | Slain by an ufetubus

Illustrated notes

Levels and vault maps discovered:
D:1:      co_arrival_square_in_a_square_in_a_square, layout_loops_ring,
          moated_statue
D:2:      layout_loops_ring
D:3:      layout_basic, serial_shops, nicolae_shop_behind_doors, uniq_grinder

Skill      XL: |  1  2  3  4 |
---------------+-------------+-----
Dodging        | | 10.5
Invocations    | 1 |  1.5
Short Blades   | 1 |  1.4
Long Blades    | 1 |  1.4
Axes           | 1 |  1.4
Polearms       | 1 |  1.4
Staves         | 1 |  1.4
Ranged Weapons | 1 |  1.4
Throwing       | 1 |  1.4
Armour         | 1 |  1.4
Shields        | 1 |  1.4
Unarmed Combat | 1 |  1.4
Spellcasting   | 1 |  1.4
Evocations     | 1 |  1.4
Conjurations   | 1 |  1.1
Hexes          | 1 |  1.1
Summonings     | 1 |  1.1
Necromancy     | 1 |  1.1
Translocations | 1 |  1.1
Transmutations | 1 |  1.1
Fire Magic     | 1 |  1.1
Ice Magic      | 1 |  1.1
Air Magic      | 1 |  1.1
Earth Magic    | 1 |  1.1
Poison Magic   | 1 |  1.1
Fighting       | |  4.7
Maces & Flails | |  4.7
Stealth        | |  2.7

Action                   |  1- 3 |  4- 6 || total
-------------------------+-------+-------++-------
Melee: Mace              |    91 |    47 ||   138
       Punch             |     1 |       ||     1
       Bite              |     3 |     4 ||     7
Throw: Stone             |     3 |       ||     3
  Use: Potion            |       |     8 ||     8
 Stab: Sleeping          |     2 |       ||     2
Armor: Ring mail         |    21 |    11 ||    32
       Chain mail        |       |    12 ||    12
Dodge: Dodged            |    62 |    26 ||    88
Block: Other             |     4 |     9 ||    13
